 Dungeon Crawl Stone Soup version 0.29-a0-887-gcbe080d7e0 (webtiles) character file.

Game seed: 2053154398885593915

706 purpskrrrp the Covert (level 7, -7/32 HPs)
             Began as a Spriggan Enchanter on July 13, 2022.
             Killed by divine providence
             ... invoked by an orc priest
              (14 damage)
             ... on level 3 of the Dungeon on July 21, 2022.
             The game lasted 00:40:50 (5978 turns).

purpskrrrp the Covert (Spriggan Enchanter)          Turns: 5978, Time: 00:40:50

Health: -7/32      AC:  4    Str:  2    XL:     7   Next: 39%
Magic:  1/14       EV: 18    Int: 16    God:
Gold:   154        SH:  0    Dex: 18    Spells: 7/15 levels left

rFire   + . .      SeeInvis +   a - +2 dagger
rCold   . . .      Faith    .   (no shield)
rNeg    . . .      Spirit   .   o - +1 robe {rF+}
rPois   .          Reflect  .   (helmet restricted)
rElec   .          Harm     .   g - +0 cloak
rCorr   .          Rampage  .   (gloves unavailable)
Will    +....                   (boots unavailable)
Stlth   ++++......              (no amulet)
HPRegen 0.10/turn               (no ring)
MPRegen 0.14/turn               (no ring)

@: very quick
A: very small, no large weapons, unfitting armour, see invisible, speed 3, claws
1, weak 1
a: no special abilities


You were on level 3 of the Dungeon.
You visited 1 branch of the dungeon, and saw 4 of its levels.

You collected 154 gold pieces.

Inventory:

Hand Weapons
 a - a +2 dagger (weapon)
 m - the +4 great mace of Inconvenience {protect, +Blink}
   (You took it off an orc on level 3 of the Dungeon)

   It grants its wielder temporary protection when it strikes (+7 to AC).
   +Blink:    It lets you blink.
Missiles
 p - a throwing net
Armour
 b - a +0 robe
 g - a +0 cloak (worn)
 o - a +1 robe of fire resistance (worn)
Magical Staves
 n - a staff of death
Scrolls
 d - a scroll of amnesia
 h - 2 scrolls of immolation
 k - a scroll of torment
Potions
 c - a potion of invisibility
 e - a potion of lignification
 i - a potion of curing
 q - a potion of flight {unknown}
 r - a potion of attraction {unknown}


   Skills:
 + Level 0.6 Fighting
 * Level 3.2 Short Blades
 + Level 3.5 Dodging
 * Level 9.0 Stealth
 + Level 4.5 Spellcasting
 * Level 5.7 Hexes
 + Level 1.3 Ice Magic
 + Level 0.1 Evocations


You had 7 spell levels left.
You knew the following spells:

 Your Spells              Type           Power      Damage    Failure   Level
a - Ensorcelled Hibernat  Hex/Ice        30%        N/A       5%          2
b - Tukima's Dance        Hex            22%        N/A       4%          3
c - Dazzling Flash        Conj/Hex       24%        N/A       14%         3

Your spell library contained the following spells:

 Spells                   Type           Power      Damage    Failure   Level
 Slow                     Hex            88%        N/A       1%          1
 Confusing Touch          Hex            22%        N/A       4%          3
 Vampiric Draining        Necr           3%         2d6       43%         3


Dungeon Overview and Level Annotations

Branches:
Dungeon (4/15)
 Temple: D:4-7

Altars:
Kikubaaqudgha

Annotations:
D:4 1 transporter, trckry's ghost, weakling FeDe


Innate Abilities, Weirdness & Mutations

You are very small and have problems with some larger weapons.
You are too small for most types of armour.
You have supernaturally acute eyesight. (SInv)
You cover ground extremely quickly. (Speed+++)
You have sharp fingernails.
You are weak. (Str -2)


Message History

The helpless adder fails to defend itself.
You stick the adder like a pincushion!!!
You kill the adder!
The orc priest hits you but does no damage.
Your Stealth skill increases to level 9!
Casting: Ensorcelled Hibernation (safe; 5% risk of failure)
Confirm with . or Enter, or press ? or * to list all spells.
Aiming: Ensorcelled Hibernation (safe; 5% risk of failure)
Press: ? - help, Shift-Dir - straight line, f - orc priest
Aim: an orc priest, wielding a +0 club (chance to affect: 49%)
The orc priest resists with some effort.
The orc priest calls down the wrath of Beogh upon you.
You resist with significant effort. The orc barely misses you.
Casting: Ensorcelled Hibernation (safe; 5% risk of failure)
Confirm with . or Enter, or press ? or * to list all spells.
Aiming: Ensorcelled Hibernation (safe; 5% risk of failure)
Press: ? - help, Shift-Dir - straight line, f/p - orc priest
Aim: an orc priest, wielding a +0 club (chance to affect: 49%)
The orc priest resists with some effort.
The orc priest misses you. The orc hits you but does no damage.
Casting: Ensorcelled Hibernation (safe; 5% risk of failure)
Confirm with . or Enter, or press ? or * to list all spells.
Aiming: Ensorcelled Hibernation (safe; 5% risk of failure)
Press: ? - help, Shift-Dir - straight line, f/p - orc priest
Aim: an orc priest, wielding a +0 club (chance to affect: 49%)
The orc priest resists with some effort.
The orc priest invokes the aid of Beogh against you.
Pain shoots through your body! The orc closely misses you.
The orc hits you with a +0 dagger. The orc priest closely misses you.
You climb upwards.
There is a stone staircase leading down here.
The orc priest calls down the wrath of Beogh upon you.
You resist with significant effort. The orc priest closely misses you.
The orc priest invokes the aid of Beogh against you.
Beogh smites you!
* * * LOW HITPOINT WARNING * * *
The orc priest invokes the aid of Beogh against you.
Beogh smites you!
You die...

########################
#...o..@................
#>o.....................
#.################.....#
#.# #.....# #.# #.....#
#.####### #...[.#
#.......# #.....#
#.......# #.....#
#....[..# #######


You could see an orc priest and an orc.

Vanquished Creatures
  Sigmund (D:3)
  An ogre (D:4)
  4 wights (D:3)
  Crazy Yiuf (D:2)
  An orc priest (D:3)
  Terence (D:3)
  6 adders
  2 worms (D:4)
  4 dart slugs
  12 orcs
  6 endoplasms
  2 giant cockroaches (D:1)
  6 goblins
  8 hobgoblins
  10 jackals
  3 quokkas
  5 ball pythons
  8 bats
  2 frilled lizards
  6 kobolds
  5 rats
94 creatures vanquished.

Vanquished Creatures (others)
  2 dancing weapons (D:3)
2 creatures vanquished.

Grand Total: 96 creatures vanquished

Notes
Turn   | Place    | Note
-------+----------+-------------------------------------------
     0 | D:1      | purpskrrrp the Spriggan Enchanter began the quest for the
                  | Orb.
     0 | D:1      | Reached XP level 1. HP: 9/9 MP: 5/5
   336 | D:1      | Reached XP level 2. HP: 9/13 MP: 6/6
   589 | D:1      | Found a faded altar of an unknown god.
  1119 | D:1      | Reached skill level 5 in Stealth
  1484 | D:1      | Reached XP level 3. HP: 8/16 MP: 8/8
  2283 | D:1      | Upgraded the game from 0.29-a0-838-g385bb11a5b to
                  | 0.29-a0-887-gcbe080d7e0
  2286 | D:1      | Learned a level 2 spell: Ensorcelled Hibernation
  3403 | D:2      | Reached XP level 4. HP: 21/21 MP: 6/9
  3804 | D:2      | Learned a level 3 spell: Tukima's Dance
  3846 | D:2      | Found a runed translucent door.
  3847 | D:2      | Noticed Crazy Yiuf
  3854 | D:2      | Killed Crazy Yiuf
  3855 | D:2      | Reached skill level 6 in Stealth
  4026 | D:3      | Found an ancient bone altar of Kikubaaqudgha.
  4226 | D:3      | Reached XP level 5. HP: 22/24 MP: 7/10
  4264 | D:3      | Noticed Sigmund
  4268 | D:3      | Killed Sigmund
  4269 | D:3      | Reached skill level 7 in Stealth
  4269 | D:3      | Reached skill level 1 in Ice Magic
  4269 | D:3      | Reached XP level 6. HP: 29/29 MP: 8/12
  4371 | D:3      | Reached skill level 5 in Hexes
  4377 | D:3      | Identified the +4 great mace of Inconvenience {protect,
                  | +Blink}
  5266 | D:3      | Learned a level 3 spell: Dazzling Flash
  5304 | D:3      | Reached skill level 8 in Stealth
  5365 | D:3      | Noticed Terence
  5370 | D:3      | Killed Terence
  5371 | D:3      | Reached XP level 7. HP: 32/32 MP: 13/13
  5693 | D:3      | Gained mutation: You have an increased reservoir of magic.
                  | (+10% MP) [potion of mutation]
  5693 | D:3      | Lost mutation: You have an increased reservoir of magic.
                  | (+10% MP) [potion of mutation]
  5693 | D:3      | Gained mutation: You are weak. (Str -2) [potion of
                  | mutation]
  5693 | D:3      | Gained mutation: You have sharp fingernails. [potion of
                  | mutation]
  5726 | D:4      | Found a transporter.
  5730 | D:4      | Noticed trckry's ghost (weakling FeDe)
  5968 | D:4      | Reached skill level 9 in Stealth
  5978 | D:3      | Killed from afar by an orc priest

Illustrated notes

Levels and vault maps discovered:
D:1:      sevenhm_arrival_forest_fort_large_4, layout_loops_ring,
          hellmonk_ecumenical_altar_blasted, minmay_misc_feat_chi
D:2:      minmay_angry_zag, layout_loops_corners, uniq_crazy_yiuf_cottage
D:3:      layout_basic, mainiacjoe_overflow_catwalk, hangedman_decor_lopped,
          uniq_sigmund, uniq_terence
D:4:      layout_layer_cave, serial_shops, nicolae_stop_n_shop_1,
          gammafunk_ghost_stat_death, uniq_ijyb, uniq_natasha

Skill      XL: |  1  2  3  4  5  6  7 |
---------------+----------------------+-----
Dodging        | 3 |  3.5
Stealth        | 5 6 7 8 9 |  9.0
Hexes          | 4 5 |  5.7
Spellcasting   | 3 4 |  4.5
Short Blades   | 2 3 |  3.2
Ice Magic      | 1 |  1.3
Fighting       | |  0.6
Evocations     | |  0.1

Action                   |  1- 3 |  4- 6 |  7- 9 || total
-------------------------+-------+-------+-------++-------
Melee: Dagger            |   149 |    52 |    15 ||   216
       Punch             |     1 |       |       ||     1
Throw: Throwing net      |       |     1 |       ||     1
 Cast: Ensorcelled Hiber |    14 |    31 |    19 ||    64
       Tukima's Dance    |       |     3 |       ||     3
Evoke: Wand              |       |     6 |     1 ||     7
  Use: Scroll            |    10 |     3 |     1 ||    14
       Potion            |       |     2 |     1 ||     3
 Stab: Sleeping          |    16 |    24 |    13 ||    53
       Distracted        |     2 |       |       ||     2
Armor: Robe              |    11 |     8 |     5 ||    24
Dodge: Dodged            |    95 |    34 |    16 ||   145

Table legend: (Time is in decaauts)
 A = Elapsed time spent in this place.
 B = Non-inter-level travel time spent in this place.
 C = Inter-level travel time spent in this place.
 D = Time resting spent in this place.
 E = Time spent auto-exploring this place.
 F = Levels seen in this place.
 G = Mean time per level.
                   A        B        C        D        E       F      G
               +--------+--------+--------+--------+--------+-----+--------+
         Total |   4764 |   4360 |    404 |   2018 |   1485 |   4 | 1191.0 |
       Dungeon |   4764 |   4360 |    404 |   2018 |   1485 |   4 | 1191.0 |
               +--------+--------+--------+--------+--------+-----+--------+

Top non-repeatable levels by time:
     D:1: 1983 daAuts
     D:3: 1491 daAuts
     D:2: 1171 daAuts
     D:4: 118 daAuts
